MLB
TORONTO BLUE JAYS @ MILWAUKEE BREWERS
06/22/2020
 
TOP OF THE 1ST
Toronto Blue Jays batting - Pitching for Milwaukee Brewers : RHP Brandon Woodruff
Pitching: RHP Brandon Woodruff
Batting: LHB Cavan Biggio 0-0: Called Strike
0-1: Swinging Strike
0-2: DOUBLE (Flyball, 78XD, EV 104.4 MPH)
Batting: RHB Lourdes Gurriel Jr. 0-0: Ball
1-0: Called Strike
1-1: Fly out, F7 (Flyball, 7LM, EV 105.6 MPH)
Runner from 2nd tags up, SAFE at 3rd with throw by LF
Batting: RHB Vladimir Guerrero Jr. 0-0: Foul Ball, location: 2F
0-1: Swinging Strike
0-2: Strikes out looking
Batting: RHB Bo Bichette 0-0: Foul Ball, location: 2F
0-1: Foul Ball, location: 2F
0-2: Ball
1-2: Strikes out swinging
Top of the 1st over - 0 runs, 1 hit, 0 errors, 1 left on base; Toronto 0 - Milwaukee 0
BOTTOM OF THE 1ST
Milwaukee Brewers batting - Pitching for Toronto Blue Jays : LHP Anthony Kay
Pitching: LHP Anthony Kay
Batting: RHB Lorenzo Cain 0-0: Ground out 2-3 (Groundball, 15S, EV 67.5 MPH)
Batting: RHB Ryan Braun 0-0: Called Strike
0-1: Ball
1-1: Ground out 4-3 (Groundball, 34, EV 90.6 MPH)
Batting: LHB Christian Yelich 0-0: Ball
1-0: Swinging Strike
1-1: Swinging Strike
1-2: Ball
2-2: Ball
3-2: Strikes out swinging, 2-3 out at first.
Bottom of the 1st over - 0 runs, 0 hits, 0 errors, 0 left on base; Toronto 0 - Milwaukee 0
TOP OF THE 2ND
Toronto Blue Jays batting - Pitching for Milwaukee Brewers : RHP Brandon Woodruff
Batting: LHB Reese McGuire 0-0: Called Strike
0-1: Ball
1-1: Fly out, F8 (Flyball, 8LM, EV 79.4 MPH)
Batting: LHB Travis Shaw 0-0: Ball
1-0: Called Strike
1-1: Ball
2-1: Foul Ball, location: 2F
2-2: SOLO HOME RUN (Flyball, 9D, EV 108.1 MPH), Distance : 418 ft
Batting: RHB Teoscar Hernandez 0-0: Ball
1-0: Ball
2-0: Called Strike
2-1: Ball
3-1: Base on Balls
Batting: RHB Anthony Alford 0-0: Swinging Strike
0-1: Swinging Strike
0-2: Ball
1-2: Strikes out looking
Batting: LHB Anthony Kay 0-0: Ball
1-0: Ball
2-0: Ball
3-0: Called Strike
3-1: Swinging Strike
3-2: Strikes out looking
Top of the 2nd over - 1 run, 1 hit, 0 errors, 1 left on base; Toronto 1 - Milwaukee 0
BOTTOM OF THE 2ND
Milwaukee Brewers batting - Pitching for Toronto Blue Jays : LHP Anthony Kay
Batting: RHB Avisail Garcia 0-0: Fly out, F9 (Flyball, 9S, EV 76.9 MPH)
Batting: RHB Tim Beckham 0-0: Called Strike
0-1: Ball
1-1: SINGLE (Groundball, 5D, EV 102.5 MPH)
Batting: LHB Eric Sogard 0-0: Called Strike
0-1: Swinging Strike
0-2: Foul Ball, location: 2F
0-2: Ground out 4-3 (Groundball, 4S, EV 70.6 MPH)
Tim Beckham to second
Batting: RHB Manny Pina 0-0: Ball
1-0: Fly out, F9 (Flyball, 89S, EV 90.6 MPH)
Bottom of the 2nd over - 0 runs, 1 hit, 0 errors, 1 left on base; Toronto 1 - Milwaukee 0
TOP OF THE 3RD
Toronto Blue Jays batting - Pitching for Milwaukee Brewers : RHP Brandon Woodruff
Batting: LHB Cavan Biggio 0-0: Called Strike
0-1: Called Strike
0-2: Ball
1-2: Strikes out looking
Batting: RHB Lourdes Gurriel Jr. 0-0: Called Strike
0-1: Ball
1-1: Foul Ball, location: 2F
1-2: Ball
2-2: Strikes out looking
Batting: RHB Vladimir Guerrero Jr. 0-0: Called Strike
0-1: Ball
1-1: Ball
2-1: Ball
3-1: SINGLE (Groundball, 56D, EV 110.6 MPH)
Batting: RHB Bo Bichette 0-0: Ball
1-0: 2-RUN HOME RUN (Flyball, 78XD, EV 100.0 MPH), Distance : 433 ft
Batting: LHB Reese McGuire 0-0: Called Strike
0-1: Swinging Strike
0-2: Strikes out swinging, 2-3 out at first.
Top of the 3rd over - 2 runs, 2 hits, 0 errors, 0 left on base; Toronto 3 - Milwaukee 0
BOTTOM OF THE 3RD
Milwaukee Brewers batting - Pitching for Toronto Blue Jays : LHP Anthony Kay
Batting: SHB Pedro Florimon 0-0: SOLO HOME RUN (Flyball, 7D, EV 90.0 MPH), Distance : 391 ft
Batting: LHB Brandon Woodruff 0-0: SINGLE (Groundball, 34D, EV 97.5 MPH)
Batting: RHB Lorenzo Cain 0-0: Called Strike
0-1: Called Strike
0-2: Foul Ball, location: 2F
0-2: Ball
1-2: Ball
2-2: Grounds into double play, 4-6-3 (Groundball, 34S, EV 85.6 MPH)
Batting: RHB Ryan Braun 0-0: SINGLE (Groundball, 15S, EV 75.6 MPH) (infield hit)
Batting: LHB Christian Yelich 0-0: Ball
1-0: Foul Ball, location: 2F
1-1: Ball
2-1: Called Strike
Ryan Braun is caught stealing 2nd base 2-6
Bottom of the 3rd over - 1 run, 3 hits, 0 errors, 0 left on base; Toronto 3 - Milwaukee 1
TOP OF THE 4TH
Toronto Blue Jays batting - Pitching for Milwaukee Brewers : RHP Brandon Woodruff
Batting: LHB Travis Shaw 0-0: Swinging Strike
0-1: Ball
1-1: Ball
2-1: Foul Ball, location: 2F
2-2: Strikes out swinging
Batting: RHB Teoscar Hernandez 0-0: Ball
1-0: Called Strike
1-1: Ball
2-1: Foul Ball, location: 2F
2-2: Strikes out looking
Batting: RHB Anthony Alford 0-0: Swinging Strike
0-1: Called Strike
0-2: Ball
1-2: Foul Ball, location: 2F
1-2: Strikes out looking
Top of the 4th over - 0 runs, 0 hits, 0 errors, 0 left on base; Toronto 3 - Milwaukee 1
BOTTOM OF THE 4TH
Milwaukee Brewers batting - Pitching for Toronto Blue Jays : LHP Anthony Kay
Batting: LHB Christian Yelich 0-0: Called Strike
0-1: SOLO HOME RUN (Flyball, 8LXD, EV 101.9 MPH), Distance : 445 ft
Batting: RHB Avisail Garcia 0-0: Swinging Strike
0-1: Called Strike
0-2: Fly out, F4 (Popup, 3S, EV 74.4 MPH)
Batting: RHB Tim Beckham 0-0: Ball
1-0: Fly out, F7 (Flyball, 78S, EV 90.6 MPH)
Batting: LHB Eric Sogard 0-0: Ball
1-0: Called Strike
1-1: Ball
2-1: Foul Ball, location: 2F
2-2: Strikes out swinging
Bottom of the 4th over - 1 run, 1 hit, 0 errors, 0 left on base; Toronto 3 - Milwaukee 2
TOP OF THE 5TH
Toronto Blue Jays batting - Pitching for Milwaukee Brewers : RHP Brandon Woodruff
Batting: LHB Anthony Kay 0-0: Called Strike
0-1: Ball
1-1: Ball
2-1: Foul Ball, location: 2F
2-2: Ground out 6-3 (Groundball, 6S, EV 79.4 MPH)
Batting: LHB Cavan Biggio 0-0: Called Strike
0-1: Foul Ball, location: 2F
0-2: Foul Ball, location: 2F
0-2: Ground out U3 (Groundball, 34S, EV 88.1 MPH)
Batting: RHB Lourdes Gurriel Jr. 0-0: Called Strike
0-1: Foul Ball, location: 2F
0-2: Strikes out swinging
Top of the 5th over - 0 runs, 0 hits, 0 errors, 0 left on base; Toronto 3 - Milwaukee 2
BOTTOM OF THE 5TH
Milwaukee Brewers batting - Pitching for Toronto Blue Jays : LHP Anthony Kay
Batting: RHB Manny Pina 0-0: Ball
1-0: Foul Ball, location: 2F
1-1: Ball
2-1: Foul Ball, location: 2F
2-2: Ball
3-2: Foul Ball, location: 2F
3-2: Strikes out swinging
Batting: SHB Pedro Florimon 0-0: Called Strike
0-1: Called Strike
0-2: Ground out 6-3 (Groundball, 6MD, EV 77.5 MPH)
Batting: LHB Brandon Woodruff 0-0: Ball
1-0: Fly out, F7 (Flyball, 78D, EV 104.4 MPH)
Bottom of the 5th over - 0 runs, 0 hits, 0 errors, 0 left on base; Toronto 3 - Milwaukee 2
TOP OF THE 6TH
Toronto Blue Jays batting - Pitching for Milwaukee Brewers : RHP Brandon Woodruff
Batting: RHB Vladimir Guerrero Jr. 0-0: Foul Ball, location: 2F
0-1: Ball
1-1: Ball
2-1: Foul Ball, location: 2F
2-2: Fly out, F8 (Flyball, 78XD, EV 93.1 MPH)
Batting: RHB Bo Bichette 0-0: Ball
1-0: Ball
2-0: Ground out 3-1 (Groundball, 34S, EV 69.4 MPH)
Batting: LHB Reese McGuire 0-0: Foul Ball, location: 2F
0-1: Fly out, F9 (Line Drive, 9, EV 100.0 MPH)
Top of the 6th over - 0 runs, 0 hits, 0 errors, 0 left on base; Toronto 3 - Milwaukee 2
BOTTOM OF THE 6TH
Milwaukee Brewers batting - Pitching for Toronto Blue Jays : LHP Anthony Kay
Batting: RHB Lorenzo Cain 0-0: Called Strike
0-1: Foul Ball, location: 2F
0-2: Ball
1-2: Ball
2-2: Fly out, F9 (Flyball, 9, EV 88.8 MPH)
Batting: RHB Ryan Braun 0-0: Ball
1-0: Called Strike
1-1: Foul Ball, location: 2F
1-2: Strikes out swinging
Batting: LHB Christian Yelich 0-0: SINGLE (Line Drive, 7S, EV 90.6 MPH)
Batting: RHB Avisail Garcia 0-0: Called Strike
Christian Yelich steals 2nd base
0-1: Ball
1-1: Ball
2-1: Swinging Strike
2-2: SINGLE (Line Drive, 78S, EV 106.3 MPH)
Christian Yelich to third
Runner from 3rd tries for Home, SAFE, throw by LF to home
Batting: RHB Tim Beckham 0-0: Ball
1-0: Ball
2-0: Ground out 5-3 (Groundball, 56S, EV 91.9 MPH)
Bottom of the 6th over - 1 run, 2 hits, 0 errors, 1 left on base; Toronto 3 - Milwaukee 3
TOP OF THE 7TH
Toronto Blue Jays batting - Pitching for Milwaukee Brewers : RHP Brandon Woodruff
Pitching: RHP Corey Knebel
Batting: LHB Travis Shaw 0-0: Swinging Strike
0-1: Foul Ball, location: 2F
0-2: Ball
1-2: Foul Ball, location: 2F
1-2: Strikes out looking
Batting: RHB Teoscar Hernandez 0-0: Foul Ball, location: 2F
0-1: Ball
1-1: Foul Ball, location: 2F
1-2: Strikes out swinging
Batting: RHB Anthony Alford 0-0: Ball
1-0: Ball
2-0: Ball
3-0: Base on Balls
Pinch Hitting: LHB Derek Fisher 0-0: Called Strike
0-1: Fly out, F8 (Flyball, 8RXD, EV 102.5 MPH)
Top of the 7th over - 0 runs, 0 hits, 0 errors, 1 left on base; Toronto 3 - Milwaukee 3
BOTTOM OF THE 7TH
Milwaukee Brewers batting - Pitching for Toronto Blue Jays : LHP Anthony Kay
Pitching: LHP Dan Jennings
Batting: LHB Eric Sogard 0-0: Foul Ball, location: 2F
0-1: Ball
1-1: Foul Ball, location: 2F
1-2: Foul Ball, location: 2F
1-2: Foul Ball, location: 2F
1-2: Foul Ball, location: 2F
1-2: Ball
2-2: Strikes out swinging
Batting: RHB Manny Pina 0-0: Called Strike
0-1: Called Strike
0-2: Foul Ball, location: 2F
0-2: Foul Ball, location: 2F
0-2: Ball
1-2: Ground out 5-3 (Groundball, 5, EV 88.1 MPH)
Batting: SHB Pedro Florimon 0-0: Swinging Strike
0-1: Called Strike
0-2: SINGLE (Line Drive, 89M, EV 87.5 MPH)
Pinch Hitting: LHB Brock Holt 0-0: Ball
1-0: Foul Ball, location: 2F
1-1: Ball
Pedro Florimon is caught stealing 2nd base 2-6
Bottom of the 7th over - 0 runs, 1 hit, 0 errors, 0 left on base; Toronto 3 - Milwaukee 3
TOP OF THE 8TH
Toronto Blue Jays batting - Pitching for Milwaukee Brewers : RHP Corey Knebel
Pitching: RHP Devin Williams
Batting: LHB Cavan Biggio 0-0: Ball
1-0: Foul Ball, location: 2F
1-1: Hit by Pitch
Batting: RHB Lourdes Gurriel Jr. 0-0: Called Strike
Cavan Biggio steals 2nd base
0-1: Sac Bunt to 15S - play at first, batter OUT! 1-3
Cavan Biggio to third
Batting: RHB Vladimir Guerrero Jr. 0-0: Intentional Walk
Batting: RHB Bo Bichette 0-0: Called Strike
0-1: Foul Ball, location: 2F
0-2: Ball
1-2: Ball
2-2: Ball
3-2: Foul Ball, location: 2F
3-2: Strikes out looking
Batting: LHB Reese McGuire 0-0: Swinging Strike
0-1: Ball
1-1: Reached on error, E6 (Groundball, 4M, EV 79.4 MPH)
Cavan Biggio scores
Vladimir Guerrero Jr. to second
Batting: LHB Travis Shaw 0-0: Ball
1-0: Called Strike
1-1: Ball
2-1: Foul Ball, location: 2F
2-2: Strikes out swinging
Top of the 8th over - 1 run, 0 hits, 1 error, 2 left on base; Toronto 4 - Milwaukee 3
BOTTOM OF THE 8TH
Milwaukee Brewers batting - Pitching for Toronto Blue Jays : LHP Dan Jennings
Pinch Hitting: RHB Keston Hiura 0-0: Ball
1-0: Called Strike
1-1: Foul Ball, location: 2F
1-2: Foul Ball, location: 2F
1-2: Foul Ball, location: 2F
1-2: Ball
2-2: Fly out, F1 (Line Drive, P, EV 65.0 MPH)
Pitching: RHP Rafael Dolis
Batting: RHB Lorenzo Cain 0-0: Ground out 4-3 (Groundball, 34S, EV 78.8 MPH)
Batting: RHB Ryan Braun 0-0: Foul Ball, location: 2F
0-1: Called Strike
0-2: SINGLE (Groundball, 6MD, EV 103.8 MPH)
Batting: LHB Christian Yelich 0-0: Foul Ball, location: 2F
0-1: Ball
1-1: Ball
2-1: Ball
3-1: Base on Balls
Ryan Braun to second
Batting: RHB Avisail Garcia 0-0: Ball
1-0: Called Strike
1-1: Foul Ball, location: 2F
1-2: Ball
2-2: Ball
3-2: Foul Ball, location: 2F
3-2: Base on Balls
Ryan Braun to third
Christian Yelich to second
Pinch Hitting: LHB Omar Narvaez 0-0: Foul Ball, location: 2F
0-1: Swinging Strike
0-2: Ball
1-2: Foul Ball, location: 2F
1-2: Ball
2-2: Ball
3-2: Ground out 4-3 (Groundball, 34D, EV 104.4 MPH)
Bottom of the 8th over - 0 runs, 1 hit, 0 errors, 3 left on base; Toronto 4 - Milwaukee 3
TOP OF THE 9TH
Toronto Blue Jays batting - Pitching for Milwaukee Brewers : RHP Devin Williams
Pitching: LHP Alex Claudio
Now at 2B: Keston Hiura
Batting: RHB Teoscar Hernandez 0-0: Ball
1-0: Ball
2-0: Called Strike
2-1: Ball
3-1: Foul Ball, location: 2F
3-2: Foul Ball, location: 2F
3-2: Strikes out looking
Batting: RHB Anthony Alford 0-0: Ball
1-0: Fly out, F8 (Line Drive, 8LD, EV 98.8 MPH)
Pinch Hitting: RHB Danny Jansen 0-0: Called Strike
0-1: Ball
1-1: Ball
2-1: Called Strike
2-2: Ball
3-2: Foul Ball, location: 2F
3-2: Foul Ball, location: 2F
3-2: SINGLE (Groundball, 6MD, EV 95.6 MPH)
Batting: LHB Cavan Biggio 0-0: Swinging Strike
0-1: Foul Ball, location: 2F
0-2: Foul Ball, location: 2F
0-2: Strikes out looking
Top of the 9th over - 0 runs, 1 hit, 0 errors, 1 left on base; Toronto 4 - Milwaukee 3
BOTTOM OF THE 9TH
Milwaukee Brewers batting - Pitching for Toronto Blue Jays : RHP Rafael Dolis
Pitching: RHP Ken Giles
Batting: LHB Eric Sogard 0-0: Called Strike
0-1: Swinging Strike
0-2: Ball
1-2: Ball
2-2: Strikes out swinging
Pinch Hitting: LHB Jace Peterson 0-0: Ball
1-0: Called Strike
1-1: Foul Ball, location: 2F
1-2: Strikes out swinging
Batting: SHB Pedro Florimon 0-0: Ball
1-0: Foul Ball, location: 2F
1-1: Foul Ball, location: 2F
1-2: Ball
2-2: SINGLE (Groundball, 6M, EV 78.1 MPH) (infield hit)
Batting: RHB Keston Hiura 0-0: Ball
1-0: Swinging Strike
1-1: Swinging Strike
1-2: Strikes out swinging
Bottom of the 9th over - 0 runs, 1 hit, 0 errors, 1 left on base; Toronto 4 - Milwaukee 3
Sunday, June 28th, 2020 - OOTP Baseball 21.4 Build 63